Map: Galactic Process LE

Players

Juceeluwson - Winner!

  • Race: Zerg Zerg
  • League: Platinum
  • Spawn Location: 7:00

DrSalty

  • Race: Zerg Zerg
  • League: Diamond
  • Spawn Location: 1:00

VOD

Have the link to the VOD?

Description

Low level PLAT 1v1, defended against a pool first

Time

  • Played on: Nov. 18, 2016, 9:50 a.m.
  • Length: 4:06
Show
View Real Time Build Order
Export as new Build Order

Juceeluwson Zerg - Winner!

Build Orders: Hatch First 

Get SALT Encoding   

  12  0:01  Drone  
  13  0:13  Overlord  
  13  0:17  Drone  
  14  0:31  Drone x2  
  16  0:36  Drone  
  17  0:55  Hatchery  
  17  0:56  Drone  
  17  0:59  Drone  
  18  1:06  Extractor  
  17  1:15  Spawning Pool  
  17  1:18  Drone  
  17  1:21  Drone  
  18  1:29  Drone  
  19  1:39  Overlord  
  19  1:50  Drone  
  21  2:01  Drone  
  21  2:02  Queen  
  21  2:06  Queen  
  21  2:08  Drone  
  26  2:12  Drone  
  26  2:14  Metabolic Boost  
  27  2:18  Drone  
  28  2:31  Zergling x2  
  28  2:32  Spine Crawler, Zergling x2  
  29  2:38  Zergling x2  
  30  2:49  Overlord  
  30  2:50  Drone x2  
  32  2:55  Zergling x2  
  32  2:56  Spine Crawler  
  32  3:02  Overlord  
  32  3:13  Zergling x8  
  32  3:16  Spine Crawler  
  32  3:18  Overlord  
  35  3:25  Zergling x4  
  39  3:34  Drone  
Show
View Real Time Build Order
Export as new Build Order

DrSalty Zerg 

Build Orders: Pool Only, Zergling Baneling 

Get SALT Encoding   

  12  0:01  Drone  
  13  0:11  Drone  
  14  0:18  Extractor  
  13  0:29  Spawning Pool  
  13  0:33  Drone  
  13  0:38  Drone  
  14  0:47  Overlord  
  14  1:01  Extractor, Drone  
  15  1:15  Queen  
  17  1:18  Metabolic Boost  
  17  1:32  Zergling x6  
  20  1:42  Overlord  
  20  1:53  Zergling x2  
  21  1:58  Baneling Nest  
  20  2:04  Zergling x2  
  21  2:15  Zergling x2  
  22  2:24  Zergling x6  
  25  2:42  Zergling x4  
  27  2:52  Zergling x2  
  27  2:54  Zergling x2  
  27  2:56  Overlord  
  29  3:05  Baneling x2  
  29  3:06  Baneling x2  
  29  3:11  Baneling x2  
  29  3:12  Baneling x4  
  29  3:16  Zergling x2  
  30  3:25  Overlord  
Tags
 
Add a new tag
Caveats
  • Supply blocks, unpowered buildings, or Contaminate may cause inaccurate times.
  • Supply counts are checked every 10 seconds.